 Dungeon Crawl Stone Soup version 0.31-a0-263-ge8cad7f256 (webtiles) character file.

Game seed: 13182560159255304081

252 qw the Shooter (level 6, 0/37 HPs)
             Began as a Gargoyle Hexslinger on July 13, 2023.
             Slain by a goblin
             ... wielding a +0 dagger
             ... led by Robin
              (1 damage)
             ... on level 3 of the Dungeon.
             The game lasted 00:00:57 (2200 turns).

qw the Shooter (Gargoyle Hexslinger)                Turns: 2200, Time: 00:00:57

Health: 0/37       AC:  8    Str: 12    XL:     6   Next: 13%
Magic:  7/7        EV: 11    Int: 13    God:
Gold:   199        SH:  0    Dex: 14    Spells: 6/7 levels left

rFire   . . .        Y - +3 sling (freeze)
rCold   . . .        (no shield)
rNeg    + . .        g - +0 leather armour
rPois   inf          (no helmet)
rElec   +            (no cloak)
rCorr   .            a - +0 pair of gloves
SInv    .            (no boots)
Will    .....        (no amulet)
Stlth   +            (no ring)
HPRegen 0.26/turn    (no ring)
MPRegen 0.10/turn

%: no passive effects
@: about to teleport
A: sickness immunity, AC +4, negative energy resistance 1, electricity
resistance, torment resistance 1, petrification resistance
a: no special abilities


You were on level 3 of the Dungeon.
You visited 1 branch of the dungeon, and saw 3 of its levels.

You collected 199 gold pieces.


Innate Abilities, Weirdness & Mutations

You are immune to sickness and miasma.
Your stone body is resilient. (AC +4)
You are immune to poison.
You resist negative energy. (rN+)
You are resistant to electric shocks. (rElec)
You are resistant to unholy torment.
You are immune to petrification.


   Skills:
 - Level 3.3 Fighting
 + Level 5.4 Ranged Weapons
 - Level 1.5 Dodging
 - Level 1.0 Spellcasting
 - Level 2.6 Hexes


You had 6 spell levels left.
You knew the following spells:

 Your Spells              Type           Power      Damage    Failure   Level
a - Slow                  Hex            28%        N/A       12%         1

Your spell library contained the following spells:

 Spells                   Type           Power      Damage    Failure   Level
 Inner Flame              Hex/Fire       4%         N/A       52%         3
 Portal Projectile        Hex/Tloc       8%         N/A       52%         3
 Cause Fear               Hex            3%         N/A       75%         4

Inventory:

Hand Weapons
 Y - a +3 sling of freezing (weapon)
Armour
 a - a +0 pair of gloves (worn)
 c - a +0 ring mail
 g - a +0 leather armour (worn)
Jewellery
 j - a ring of fire
Scrolls
 i - 2 scrolls of identify
 k - a scroll of fear {unknown}
Potions
 b - a potion of lignification {unknown}
 d - a potion of heal wounds {unknown}
 e - a potion of curing
 f - a potion of mutation

Dungeon Overview and Level Annotations

Branches:
Dungeon (3/15)

Altars:
Ashenzari
Fedhas
Nemelex Xobeh
Qazlal
Ru
Uskayaw
Wu Jian

Annotations:
D:3 Robin


Message History

The sling bullet freezes Robin.
Robin is moderately wounded.
The goblin no longer looks unusually strong.
The frilled lizard bites you but does no damage.
Robin roars a battlecry!
The goblin goes into a battle-frenzy!
The goblin hits you but does no damage. The goblin hits you with a +0 dagger.
The goblin closely misses you.
You shoot a sling bullet. The sling bullet hits Robin.
The sling bullet freezes Robin.
Robin is heavily wounded.
The hobgoblin no longer looks unusually strong.
The frilled lizard bites you but does no damage.
Robin throws the goblin at you! The goblin hits you but does no damage.
The goblin barely misses you. The goblin closely misses you.
You shoot a sling bullet. The sling bullet hits Robin.
The sling bullet freezes Robin.
Robin is severely wounded.
The goblin no longer looks unusually strong.
The frilled lizard bites you but does no damage.
Robin hits you but does no damage. The goblin hits you with a +0 dagger.
The goblin completely misses you. The goblin hits you with a +0 club.
You shoot a sling bullet. The sling bullet closely misses Robin.
The frilled lizard completely misses you.
Robin roars a battlecry!
The goblins go into a battle-frenzy!
The goblin hits you with a +0 dagger.
The goblin unwields a +0 club.
The goblin wields a +0 sling.
The goblin shoots a sling bullet.
The sling bullet misses you.
The sling bullet barely misses the goblin.
The goblin hits you with a +0 dagger. The hobgoblin hits you.
The goblin closely misses you. The hobgoblin hits you.
2200 ||| READING scroll of teleportation.
As you read the scroll of teleportation, it crumbles to dust.
You feel strangely unstable.
The goblin no longer looks unusually strong.
The frilled lizard bites you but does no damage.
Robin barely misses you. The goblin hits you but does no damage.
The goblin hits you with a +0 club. The goblin hits you with a +0 dagger.
You die... #..%.##..##....####.__### ##..####.#....## ##### #....##.#...#### #..#....../....# ##..###.....###.# .....###....# #.# .....##...#.###.### g .............).ggg## g.l

.....#.........g@g.#.gg.g
<..............ggl>g#
.....(...........).......
..................!.#....
..).%..................$.
###.#...............#.#$#
.....>..................
..[).........!.....###.77
..<.........#.....##


7 You could see Robin, 2 hobgoblins, 5 goblins and a frilled lizard.

Vanquished Creatures
  An orc priest (D:2)
  An iguana (D:3)
  Natasha (thrice) (D:3)
  A gnoll (D:1)
  2 adders (D:2)
  2 worms (D:2)
  2 dart slugs
  11 orcs
  4 ball pythons
  3 endoplasms
  2 giant cockroaches
  12 goblins
  9 hobgoblins
  4 quokkas
  5 bats
  4 frilled lizards (D:1)
  4 kobolds
  6 rats
76 creatures vanquished.

Notes
Turn   | Place    | Note
-------+----------+-------------------------------------------
     0 | D:1      | qw the Gargoyle Hexslinger began the quest for the Orb.
     0 | D:1      | Reached XP level 1. HP: 12/12 MP: 2/2
     0 | D:1      | 0 ||| qw: Version: 0.3-a-52-g30416fa
     0 | D:1      | 0 ||| qw: Game counter: 7140
     0 | D:1      | 0 ||| qw: Melee chars always use a shield: true
     0 | D:1      | 0 ||| qw: God list: Okawaru
     0 | D:1      | 0 ||| qw: Allow faded altars: false
     0 | D:1      | 0 ||| qw: Do Orc after clearing Dungeon:15 true
     0 | D:1      | 0 ||| qw: Do second Lair branch before Depths: true
     0 | D:1      | 0 ||| qw: Lair rune preference: random
     0 | D:1      | 0 ||| qw: Goals: Normal
     0 | D:1      | 0 ||| PLANNING D:1-11
    13 | D:1      | Reached XP level 2. HP: 16/16 MP: 3/3
    46 | D:1      | Reached skill level 3 in Ranged Weapons
   268 | D:1      | 268 ||| SWAPPING to +1 sling of freezing.
   269 | D:1      | 269 ||| DROPPING +1 sling.
   485 | D:1      | Reached XP level 3. HP: 21/21 MP: 4/4
   730 | D:1      | 730 ||| UPGRADING to +0 pair of gloves.
   735 | D:1      | 735 ||| READING scroll labelled VATEAG VOUNT.
   736 | D:1      | 736 ||| READING scroll labelled KIKHLU TITE ALI.
   739 | D:1      | 739 ||| READING scroll labelled JEL RYR UGGUBO.
   740 | D:1      | 740 ||| READING scroll labelled LEPE QIBLULUF.
   741 | D:1      | 741 ||| DROPPING scroll of poison.
   994 | D:2      | 994 ||| FLEEEEING.
  1005 | D:2      | Reached XP level 4. HP: 26/26 MP: 5/5
  1042 | D:2      | Reached skill level 4 in Ranged Weapons
  1506 | D:2      | 1506 ||| UPGRADING to +0 leather armour.
  1516 | D:2      | 1516 ||| DROPPING +0 robe.
  1517 | D:2      | 1517 ||| READING 2 scrolls labelled ABRULOWKAO.
  1518 | D:2      | 1518 ||| READING scroll of enchant weapon.
  1518 | D:2      | 1518 ||| ENCHANTING +2 sling of freezing.
  1519 | D:2      | 1519 ||| READING scroll labelled JENKOE FEASI.
  1520 | D:2      | 1520 ||| DRINKING 2 inky potions.
  1521 | D:2      | 1521 ||| READING 2 scrolls of identify.
  1521 | D:2      | 1521 ||| IDENTIFYING grey potion
  1554 | D:3      | 1554 ||| STAIRDANCE
  1557 | D:2      | HP: 5/26 [orc/+0 war axe (6)]
  1558 | D:2      | 1558 ||| READING scroll of teleportation.
  1656 | D:3      | Reached XP level 5. HP: 30/30 MP: 6/6
  1702 | D:3      | Noticed Natasha
  1710 | D:3      | Killed Natasha
  1711 | D:3      | Reached skill level 5 in Ranged Weapons
  1840 | D:3      | Found a hide-covered altar of Uskayaw.
  1844 | D:3      | Found an ornate altar of the Wu Jian Council.
  1844 | D:3      | Found a blossoming altar of Fedhas.
  1844 | D:3      | Found a sparkling altar of Nemelex Xobeh.
  1845 | D:3      | Found a sacrificial altar of Ru.
  1847 | D:3      | Found a stormy altar of Qazlal.
  1921 | D:3      | Found a broken altar of Ashenzari.
  1926 | D:3      | Noticed Natasha
  1930 | D:3      | Killed Natasha
  1931 | D:3      | Reached skill level 3 in Fighting
  2166 | D:3      | Noticed Natasha
  2168 | D:3      | Killed Natasha
  2169 | D:3      | Reached XP level 6. HP: 37/37 MP: 7/7
  2183 | D:3      | Noticed Robin
  2184 | D:3      | 2184 ||| Stepping ~*~*~tactically~*~*~ (outnumbered).
  2188 | D:3      | 2188 ||| Stepping ~*~*~tactically~*~*~ (outnumbered).
  2199 | D:3      | HP: 8/37 [hobgoblin (5)]
  2199 | D:3      | HP: 3/37 [hobgoblin[Robin] (5)]
  2200 | D:3      | 2200 ||| READING scroll of teleportation.
  2200 | D:3      | HP: 1/37 [goblin/+0 club[Robin] (2)]
  2200 | D:3      | Slain by a goblin

Levels and vault maps discovered:
D:1:      dpeg_arrival_round_b, layout_loops_ring, kennysheep_small_spiral,
          hangedman_abyss_or_decor_stabs
D:2:      layout_loops_ring, minmay_misc_feat_square
D:3:      layout_rooms, minitemple, ashenzari_altar_1, serial_bayou,
          serial_bayou_crossing, serial_bayou_pond_b, serial_bayou_pond_c,
          serial_bayou_pond_e, st_stairs_4, uniq_natasha, uniq_robin

Skill      XL: |  1  2  3  4  5 |
---------------+----------------+-----
Ranged Weapons | 3 4 5 |  5.4
Fighting       | 2 3 |  3.3
Dodging        | |  1.5
Spellcasting   | |  1.0
Hexes          | |  2.6

Action                     |  1- 3 |  4- 6 || total
---------------------------+-------+-------++-------
  Melee: Unarmed           |       |     5 ||     5
   Fire: Sling             |   109 |   109 ||   218
    Use: Scroll            |     4 |     6 ||    10
         Potion            |       |     1 ||     1
   Stab: Confused          |       |     1 ||     1
 Armour: Robe              |    30 |       ||    30
         Leather armour    |       |    21 ||    21
  Dodge: Dodged            |    50 |    39 ||    89

Table legend:
 A = Non-vault XP
 B = Vault XP
 C = Vault XP percentage of total XP
 D = Non-vault monster count
 E = Vault monster count
 F = Vault count percentage of total count
                 A         B        C        D         E       F
            +---------+---------+-------+---------+---------+-------
      Total |     306 |      54 |  15.0 |      65 |      11 |  14.5
            +---------+---------+-------+---------+---------+-------
        D:1 |      39 |       0 |   0.0 |      17 |       0 |   0.0
        D:2 |     114 |       0 |   0.0 |      25 |       0 |   0.0
        D:3 |     153 |      54 |  26.1 |      23 |      11 |  32.4
            +---------+---------+-------+---------+---------+-------
